 Dungeon Crawl Stone Soup version 0.23-a0-550-g7de1f8e (webtiles) character file.

93 Geeful the Sneak (level 4, -1/27 HPs)
             Began as an Octopode Earth Elementalist on Dec 9, 2018.
             Slain by an orc
             ... wielding a +0 dagger
              (5 damage)
             ... on level 3 of the Dungeon.
             The game lasted 00:07:03 (3201 turns).

Geeful the Sneak (Octopode Earth Elementalist)      Turns: 3201, Time: 00:07:03

Health: -1/27      AC:  1    Str:  7    XL:     4   Next: 61%
Magic:  6/8        EV: 14    Int: 18    God:
Gold:   119        SH:  0    Dex: 12    Spells: 2/8 levels left

rFire    . . .     SeeInvis .   f - +0 whip
rCold    . . .     Gourm    .   (no shield)
rNeg     . . .     Faith    .   (helmet restricted)
rPois    .         Spirit   .   (no amulet)
rElec    .         Reflect  .   (no ring)
rCorr    .         Harm     .   (no ring)
MR       .....                  (no ring)
Stlth    +++.......             (no ring)
HPRegen  0.09/turn              (no ring)
MPRegen  0.11/turn              (no ring)
                                (no ring)
                                (no ring)

@: no status effects
A: almost no armour, stealthy swim, amphibious, 8 rings, constrict 8, camouflage
1, gelatinous body 1
a: no special abilities


You were on level 3 of the Dungeon.
You were not hungry.

You visited 1 branch of the dungeon, and saw 3 of its levels.

You collected 119 gold pieces.

Inventory:

Hand Weapons
 f - a +0 whip (weapon)
Missiles
 b - 42 stones (quivered)
Scrolls
 a - a scroll of teleportation {unknown}
 e - a scroll of fear
 h - a scroll of remove curse
 j - a scroll of immolation {unknown}
Potions
 d - a potion of curing
 i - a potion of brilliance {unknown}
Comestibles
 c - 6 rations


   Skills:
 + Level 2.8 Dodging
 + Level 4.0 Stealth
 + Level 2.7 Spellcasting
 - Level 1.0 Transmutations
 + Level 3.6 Earth Magic


You had 2 spell levels left.
You knew the following spells:

 Your Spells              Type           Power        Failure   Level  Hunger
a - Sandblast             Erth           ###...       3%          1    #......
b - Passwall              Tmut/Erth      ##......     10%         2    ##.....
c - Stone Arrow           Conj/Erth      #.....       24%         3    ###....

Your spell library contained the following spells:

 Spells                   Type           Power        Failure   Level  Hunger
 Petrify                  Tmut/Erth      ##......     54%         4    #####..
 Lee's Rapid Deconstruct  Erth           ###.......   71%         5    ######.


Dungeon Overview and Level Annotations

Branches:
Dungeon (3/15)

Altars:


Innate Abilities, Weirdness & Mutations

You cannot wear most types of armour.
You are very stealthy in the water. (Stealth+)
You are amphibious.
You can wear up to eight rings at the same time.
You can use your tentacles to constrict eight enemies at once.
Your skin changes colour to match your surroundings (Stealth+).
Your rubbery body absorbs attacks. (AC +1, EV +1)


Message History

You hit the orc. Your grab misses the orc.
The orc is heavily wounded.
The orc hits you with a +0 dagger.
You hit the orc. You grab the orc.
The orc is severely wounded.
You constrict the orc, but do no damage.
The orc hits you with a +0 dagger.
* * * LOW HITPOINT WARNING * * *
The orc hits you with a +0 dagger.
* * * LOW HITPOINT WARNING * * *
Casting: Sandblast (safe; 3% risk of failure)
Confirm with . or Enter, or press ? or * to list all spells.
Aiming: Sandblast (safe; 3% risk of failure)
Press: ? - help, Shift-Dir - straight line, f - orc
Aim: an orc, wielding a +0 dagger and wearing a +0 leather armour (severely The blast of sand hits the orc.
The orc is severely wounded.
b - 42 stones You constrict the orc.
The orc hits you with a +0 dagger.
You die...

#.#.##>#.#..#
#.#.##.#####
#.#........#
#.###......#
..##...♣...###.#
.###
###...♣_♣......#
<...
##....♣..######
##..##........##
#(..o@.........#
....###)......<#.##
# #.....).....#
#.......#....#
##..##########
#..## ...## ...##
##


You could see an orc.

Vanquished Creatures
  An orc wizard (D:3)
  An adder (D:2)
  A worm (D:3)
  4 dart slugs
  3 orcs (D:3)
  4 giant cockroaches
  7 goblins
  5 hobgoblins
  4 kobolds
  4 bats
  6 frilled lizards
  6 rats
46 creatures vanquished.

Notes
Turn   | Place    | Note
-------+----------+-------------------------------------------
     0 | D:1      | Geeful the Octopode Earth Elementalist began the quest for
                  | the Orb.
     0 | D:1      | Reached XP level 1. HP: 11/11 MP: 3/3
   425 | D:1      | Reached skill level 3 in Stealth
   425 | D:1      | Reached XP level 2. HP: 16/17 MP: 1/5
  1101 | D:1      | Reached XP level 3. HP: 9/21 MP: 1/6
  2945 | D:3      | Found a faded altar of an unknown god.
  2953 | D:3      | Reached XP level 4. HP: 25/27 MP: 3/7
  3171 | D:3      | Learned a level 2 spell: Passwall
  3175 | D:3      | Learned a level 3 spell: Stone Arrow
  3197 | D:3      | Reached skill level 4 in Stealth
  3201 | D:3      | Slain by an orc

Vault maps used:
D:1:      onia_arrival_pyramid, hangedman_decor_points
D:3:      gammafunk_ghost_cemetery, chequers_ecumenical_altar_simple,
          uniq_grinder

Skill      XL: |  1  2  3  4 |
---------------+-------------+-----
Stealth        | 3 4 |  4.0
Dodging        | |  2.8
Spellcasting   | |  2.7
Transmutations | |  1.0
Earth Magic    | |  3.6

Action                   |  1- 3 |  4- 6 || total
-------------------------+-------+-------++-------
Melee: Unarmed           |    41 |       ||    41
       Constrict         |    23 |     8 ||    31
       Tentacles         |    15 |     2 ||    17
       Whip              |    39 |    19 ||    58
 Cast: Sandblast         |    21 |     7 ||    28
  Use: Scroll            |     4 |       ||     4
       Potion            |     1 |       ||     1
 Stab: Sleeping          |     7 |     1 ||     8
  Eat: Chunk             |     5 |     2 ||     7
Armor: Skin              |     4 |       ||     4
Dodge: Dodged            |    54 |    13 ||    67

Table legend:
 A = Non-vault XP
 B = Vault XP
 C = Vault XP percentage of total XP
 D = Non-vault monster count
 E = Vault monster count
 F = Vault count percentage of total count
                 A         B        C        D         E       F
            +---------+---------+-------+---------+---------+-------
      Total |     133 |       0 |   0.0 |      46 |       0 |   0.0
            +---------+---------+-------+---------+---------+-------
        D:1 |      43 |       0 |   0.0 |      24 |       0 |   0.0
        D:2 |      36 |       0 |   0.0 |      14 |       0 |   0.0
        D:3 |      54 |       0 |   0.0 |       8 |       0 |   0.0
            +---------+---------+-------+---------+---------+-------
